 Dungeon Sprint DCSS version 0.27.1-34-g3ba077fa99 (webtiles) character file.

Game seed: 9477024684349966125

60 boopmooplesden the Skirmisher (level 3, -12/37 HPs)
             Began as a Minotaur Fighter on Jan 1, 2022.
             Mangled by a water elemental (17 damage)
             ... in the Dungeon (Sprint III: "The Ten Rune Challenge").
             The game lasted 00:00:48 (346 turns).

boopmooplesden the Skirmisher (Minotaur Fighter)     Turns: 346, Time: 00:00:49

Health: -12/37     AC:  7    Str: 20    XL:     3   Next: 80%
Magic:  2/2        EV:  8    Int:  5    God:
Gold:   20         SH: 10    Dex: 10    Spells: 2/2 levels left

rFire    . . .     SeeInvis .   a - +0 long sword
rCold    . . .     Faith    .   c - +0 kite shield
rNeg     . . .     Spirit   .   b - +0 scale mail
rPois    .         Reflect  .   (helmet unavailable)
rElec    .         Harm     .   (no cloak)
rCorr    .         Rampage  .   (no gloves)
Will     .....     NoTele   +   (no boots)
Stlth    ..........             (no amulet)
HPRegen  1.12/turn              (no ring)
MPRegen  0.08/turn              (no ring)

@: mighty, engulfed (cannot breathe)
A: horns 3, retaliatory headbutt, regeneration 1, screaming 1
a: no special abilities


You were in the Dungeon.
You visited 1 branch You collected 20 gold pieces.

Inventory:

Hand Weapons
 a - a +0 long sword (weapon)
Armour
 b - a +0 scale mail (worn)
 c - a +0 kite shield (worn)
Scrolls
 j - a scroll of blinking
 l - a scroll of holy word {unknown}
 m - 4 scrolls of identify
 o - a scroll of immolation {unknown}
Potions
 e - 2 potions of curing
 f - a potion of heal wounds
 g - a potion of haste
 h - 2 potions of magic
 i - a potion of berserk rage
 n - a potion of flight {unknown}
 p - a potion of brilliance {unknown}


   Skills:
 + Level 6.2 Fighting
 + Level 4.0 Long Blades
 + Level 6.0 Armour
 + Level 1.0 Dodging
 + Level 5.7 Shields


You had 2 spell levels left.
You didn't know any spells.
Your spell library was empty.

Dungeon Overview and Level Annotations

Branches:
Dungeon (1/1)

Altars:


Innate Abilities, Weirdness & Mutations

You have a pair of large horns on your head.
You reflexively headbutt those who attack you in melee.
Your natural rate of healing is unusually fast.
You occasionally shout uncontrollably at your foes.


Message History

p - a fuming grey potion You now have 20 gold pieces (gained 8).
It was a potion of mutation.
You feel extremely strange.
You feel stronger.
Iridescent scales grow over part of your body.
Really quaff the potion of mutation? [Y]es or [N]o only, please.
Really quaff the potion of mutation?
You feel extremely strange.
Your iridescent scales disappear.
You feel weaker.
You begin to heal more quickly.
You feel insulated.
Really quaff the potion of mutation?
You feel extremely strange.
You feel conductive.
You feel the urge to shout. The horns on your head grow some more.
There is an open door here.
You see here a human corpse.
You open the door.
A water elemental comes into view.
The water elemental moves out of view.
You feel very mighty all of a sudden.
You hit the water elemental.
The water elemental is lightly damaged.
The water elemental closely misses you. The water elemental hits you!
The water elemental engulfs you in water!
You slash the water elemental!
The water elemental is heavily damaged.
Your lungs strain for air!
You block the water elemental's attack.
You closely miss the water elemental.
The water elemental is heavily damaged.
* * * LOW HITPOINT WARNING * * *
Your lungs strain for air!
You block the water elemental's attack.
You barely miss the water elemental.
The water elemental is heavily damaged.
* * * LOW HITPOINT WARNING * * *
Your lungs strain for air!
The water elemental hits you!
You die...

▓▓▓▓▓▓▓▓▓▓▓ ▓▓▓
<.#..'....♣♣ ♣.#
..#..#.....♣♣ ♣.#
#'####......♣ ..#
.††..#....≈♣♣♣♣♣.###+#+#
.....#...≈≈.♣♣.♣.#......
.....#..≈≈≈≈♣..♣.E.⌠....
####'#..≈≈≈≈≈≈..@#
(..÷)#.≈≈≈≈≈≈....#
.....#.≈≈≈≈≈.....#
.....#.≈≈≈.......#
'#####.....†.....#
.................#
▓▓▓▓▓▓▓▓▓▓▓▓▓▓▓▓▓▓


You could see a water elemental.

Vanquished Creatures
  Jessica (D)
  A human (D)
  A wolf (D)
  3 rats (D)
6 creatures vanquished.

Vanquished Creatures (others)
  4 plants (D)
4 creatures vanquished.

Grand Total: 10 creatures vanquished

Notes
Turn   | Place    | Note
-------+----------+-------------------------------------------
     0 | D        | boopmooplesden the Minotaur Fighter began the quest for the
                  | Orb.
     0 | D        | Reached XP level 1. HP: 19/19 MP: 0/0
    11 | D        | Noticed Jessica
    17 | D        | Killed Jessica
    18 | D        | Reached skill level 5 in Fighting
    18 | D        | Reached skill level 5 in Armour
    18 | D        | Reached skill level 5 in Shields
    18 | D        | Reached XP level 2. HP: 7/29 MP: 1/1
   288 | D        | Reached XP level 3. HP: 28/37 MP: 2/2
   300 | D        | Reached skill level 1 in Dodging
   315 | D        | Gained mutation: Your muscles are strong. (Str +2) [potion
                  | of mutation]
   315 | D        | Gained mutation: You are partially covered in iridescent
                  | scales. (AC +2) [potion of mutation]
   316 | D        | Lost mutation: You are partially covered in iridescent
                  | scales. (AC +2) [potion of mutation]
   316 | D        | Lost mutation: Your muscles are strong. (Str +2) [potion of
                  | mutation]
   316 | D        | Gained mutation: Your natural rate of healing is unusually
                  | fast. [potion of mutation]
   316 | D        | Gained mutation: You are resistant to electric shocks.
                  | (rElec) [potion of mutation]
   317 | D        | Lost mutation: You are resistant to electric shocks.
                  | (rElec) [potion of mutation]
   317 | D        | Gained mutation: You occasionally shout uncontrollably at
                  | your foes. [potion of mutation]
   317 | D        | Gained mutation: You have a pair of large horns on your
                  | head. [potion of mutation]
   341 | D        | Noticed a water elemental
   346 | D        | Mangled by a water elemental

Illustrated notes

Levels and vault maps discovered:
D:        dungeon_sprint_mu [sprint_mu_entry_forest, sprint_mu_temple_rooms,
          sprint_mu_d1_spiders, sprint_mu_d2_genie, sprint_mu_d3_branching,
          sprint_mu_orc_legion, sprint_mu_elf_gauntlet, sprint_mu_hive_nellie,
          sprint_mu_lair_fedhas, sprint_mu_vaults_butterflies,
          sprint_mu_slime_circle, sprint_mu_swamp_cave, sprint_mu_shoals_archi,
          sprint_mu_blade_basic, sprint_mu_crypt_lich, sprint_mu_tomb_spiral,
          sprint_mu_vestibule_basic, sprint_mu_gehenna_hellfire,
          sprint_mu_dis_giant, sprint_mu_tartarus_statrot,
          sprint_mu_cocytus_islands, sprint_mu_zot1]

Skill      XL: |  1  2  3 |
---------------+----------+-----
Fighting       | 5 6 |  6.2
Long Blades    | 3 4 |  4.0
Armour         | 5 6 |  6.0
Shields        | 5 |  5.7
Dodging        | 1 |  1.0

Action                   || total
-------------------------++-------
Melee: Long sword        ||    31
       Headbutt          ||     3
  Use: Potion            ||     4
Armor: Scale mail        ||     9
Dodge: Dodged            ||     7
Block: Kite shield       ||    19
       Rpst.: Long sword ||     2
